 Dungeon Crawl Stone Soup version 0.28-b1-25-g9875b3fc8c (webtiles) character file.

Game seed: 16190116150431272012

2156 iwittbrodt the Slinger (level 9, -7/65 HPs)
             Began as a Gnoll Wanderer on Feb 2, 2022.
             Was a Priest of Okawaru.
             Mangled by a hornet (13 damage)
             ... on level 6 of the Dungeon.
             The game lasted 00:27:33 (7543 turns).

iwittbrodt the Slinger (Gnoll Wanderer)             Turns: 7543, Time: 00:27:34

Health: -7/65      AC: 10    Str: 12    XL:     9   Next: 31%
Magic:  15/15      EV: 13    Int: 13    God:    Okawaru [***...]
Gold:   320        SH:  0    Dex: 20    Spells: 11/16 levels left

rFire   . . .      SeeInvis .   a - +2 hunting sling
rCold   . . .      Faith    .   (no shield)
rNeg    . . .      Spirit   .   i - +0 scale mail
rPois   .          Reflect  .   (no helmet)
rElec   .          Harm     .   (no cloak)
rCorr   .          Rampage  .   d - +0 pair of gloves
Will    .....                   h - +1 pair of boots
Stlth   ++........              F - amulet of magic regeneration
HPRegen 0.20/turn               C - +6 ring of dexterity
MPRegen 0.54/turn               (no ring)

@: slowed, invisible, very slow
A: fangs 1, strong nose, distributed training
a: Renounce Religion, Heroism


You were on level 6 of the Dungeon.
You worshipped Okawaru.
Okawaru was most pleased with you.
You visited 2 branches of the dungeon, and saw 8 of its levels.

You collected 320 gold pieces.

Inventory:

Hand Weapons
 a - a +2 hunting sling (weapon)
 b - a +0 lajatang
 w - a +0 short sword
Missiles
 e - 28 sling bullets
 g - 97 stones (quivered ammo)
 m - 97 arrows
 q - 35 bolts
 B - 3 boomerangs
 I - 5 silver javelins
 M - 4 curare-tipped darts
Armour
 d - a +0 pair of gloves (worn)
 h - a +1 pair of boots (worn)
 i - a +0 scale mail (worn)
 y - an orb of guile
Magical Staves
 K - a staff of conjuration
Jewellery
 s - a ring of ice
 C - a +6 ring of dexterity (left hand)
 E - a ring of magical power
 F - an amulet of magic regeneration (around neck)
 L - a ring of ice
Wands
 x - a wand of flame (10)
 N - a wand of mindburst (10)
Scrolls
 c - 2 scrolls of vulnerability
 j - 2 scrolls of immolation
 k - a scroll of enchant armour
 n - a scroll of amnesia {unknown}
 o - 3 scrolls of teleportation {unknown}
 p - 3 scrolls of torment {unknown}
 u - a scroll of enchant weapon {unknown}
 A - 2 scrolls of silence {unknown}
 D - 2 scrolls of fear {unknown}
 H - a scroll of holy word {unknown}
Potions
 l - 2 potions of haste
 t - a potion of degeneration
 v - 2 potions of curing
 z - 2 potions of mutation
 G - a potion of brilliance
 J - a potion of attraction {unknown}


   Skills:
 + Level 4.1 Fighting
 + Level 4.1 Short Blades
 + Level 4.1 Long Blades
 + Level 4.1 Axes
 + Level 4.1 Maces & Flails
 + Level 4.1 Polearms
 + Level 4.1 Staves
 + Level 11.2 Slings
 + Level 4.1 Bows
 + Level 4.1 Crossbows
 + Level 4.1 Throwing
 + Level 4.9 Armour
 + Level 7.8 Dodging
 + Level 4.1 Stealth
 + Level 4.1 Shields
 + Level 4.1 Unarmed Combat
 + Level 4.1 Spellcasting
 + Level 3.4 Conjurations
 + Level 3.4 Hexes
 + Level 3.4 Summonings
 + Level 3.4 Necromancy
 + Level 3.4 Translocations
 + Level 3.4 Transmutations
 + Level 3.4 Fire Magic
 + Level 3.4 Ice Magic
 + Level 3.4 Air Magic
 + Level 3.4 Earth Magic
 + Level 3.4 Poison Magic
 + Level 5.3 Invocations
 + Level 4.1 Evocations


You had 11 spell levels left.
You knew the following spells:

 Your Spells              Type           Power      Damage    Failure   Level
a - Blink                 Tloc           22%        N/A       34%         2
b - Mephitic Cloud        Conj/Pois/Air  11%        N/A       56%         3

Your spell library contained the following spells:

 Spells                   Type           Power      Damage    Failure   Level
 Apportation              Tloc           22%        N/A       24%         1
 Magic Dart               Conj           44%        1d5       24%         1
 Slow                     Hex            44%        N/A       24%         1
 Sting                    Tmut/Pois      44%        1d5       24%         1
 Poisonous Vapours        Pois/Air       22%        N/A       34%         2
 Sublimation of Blood     Necr           11%        N/A       34%         2
 Wereblood                Tmut           11%        N/A       34%         2
 Confusing Touch          Hex            11%        N/A       56%         3
 Conjure Flame            Conj/Fire      11%        6-21      56%         3
 Ignite Poison            Fire/Tmut/Pois 11%        N/A       56%         3
 Inner Flame              Hex/Fire       11%        N/A       56%         3
 Lesser Beckoning         Tloc           11%        N/A       56%         3
 Vampiric Draining        Necr           11%        2d6       56%         3
 Cause Fear               Hex            5%         N/A       93%         4
 Olgreb's Toxic Radiance  Pois           11%        N/A       93%         4
 Petrify                  Tmut/Erth      11%        N/A       93%         4
 Sticky Flame             Conj/Fire      11%        2d3       93%         4
 Alistair's Intoxication  Tmut/Pois      7%         N/A       100%        5
 Freezing Cloud           Conj/Ice/Air   5%         6-21      100%        5
 Irradiate                Conj/Tmut      5%         3d15      100%        5
 Manifold Assault         Tloc           11%        N/A       100%        5
 Yara's Violent Unravell  Hex/Tmut       5%         3d4       100%        5
 Enfeeble                 Hex            5%         N/A       100%        7
 Discord                  Hex            5%         N/A       100%        8
 Call Imp                 Summ           Unusable   N/A       N/A         2
 Summon Hydra             Summ           Unusable   N/A       N/A         7

Dungeon Overview and Level Annotations

Branches:
Dungeon (7/15)             Temple (1/1) D:4

Altars:
Ashenzari
Cheibriados
Elyvilon
Fedhas
Hepliaklqana
Kikubaaqudgha
Okawaru
Ru
Sif Muna
Trog
Uskayaw
Vehumet
Wu Jian
Yredelemnul
The Shining One


Innate Abilities, Weirdness & Mutations

You have very sharp teeth.
Your uncanny sense of smell can sniff out nearby items.
Your experience applies equally to all skills.


Message History

The jelly quivers.
Found an Everburning Encyclopedia.
A hornet comes into view.
You see here an Everburning Encyclopedia.
The hornet buzzes angrily.
An orc comes into view. It is wielding a +0 flail.
The orc shouts!
An orc comes into view. It is wielding a +0 whip.
An orc comes into view. It is wielding a +0 mace.
The orc shouts! x2; You hear a shout!
You see here 19 stones.
The hornet stings you.
You feel yourself slow down.
The hornet stings you but does no damage.
You feel yourself speed up.
A centaur comes into view.
The centaur wields a +0 shortbow.
The centaur shoots an arrow.
The arrow barely misses you. The hornet stings you!
You feel yourself slow down.
There is a stone staircase leading up here.
The hornet stings you!
You feel as though you will be slow longer.
The centaur shoots an arrow.
The arrow misses you. The hornet stings you!
You feel as though you will be slow longer.
The centaur shoots an arrow.
The arrow hits you!
* * * LOW HITPOINT WARNING * * *
You climb upwards.
There is a stone staircase leading down here.
You fade into invisibility!
The hornet barely misses you. The hornet stings you!
* * * LOW HITPOINT WARNING * * *
You feel as though you will be slow longer.
The hornet closely misses you. The hornet barely misses you.
The hornet closely misses you. The hornet closely misses you.
The hornet stings you.
* * * LOW HITPOINT WARNING * * *
You feel as though you will be slow longer.
The hornet misses you. The hornet stings you!
You die...

#####
#...######
#######
#...@y...#
#......
#...####.#
#.#####
##.## #>#
#.# #.#
#.######.#
#.#
#........#
#.#
########.#
#####.#
###.#####
#.....#
#...#....
#.#####
##.#.#.###


You could see a hornet.

Vanquished Creatures
  An oklob plant (D:6)
  A shadow (D:5)
  Duvessa (D:6)
  An ice beast (D:5)
  2 sky beasts (D:6)
  An ogre (D:5)
  A necrophage (D:4)
  A phantom (D:5)
  Blork the orc (D:6)
  A wyvern zombie (D:6)
  2 water moccasin zombies
  3 scorpions (D:6)
  Dowan (D:6)
  A bullfrog zombie (D:5)
  3 hounds
  6 jellies
  An iguana (D:5)
  Ijyb (D:5)
  2 gnolls (D:2)
  6 adders
  A shadow imp (D:4)
  An adder skeleton (D:5)
  A worm (D:2)
  2 dart slugs
  6 orcs
  4 ball pythons
  5 bats
  20 endoplasms
  6 giant cockroaches
  7 goblins
  6 hobgoblins
  A jackal (D:2)
  8 quokkas
  3 frilled lizards
  4 kobolds
  A rat (D:3)
113 creatures vanquished.

Vanquished Creatures (others)
  6 fungi (D:6)
  9 plants (D:2)
15 creatures vanquished.

Grand Total: 128 creatures vanquished

Notes
Turn   | Place    | Note
-------+----------+-------------------------------------------
     0 | D:1      | Reached skill level 10 in Slings
     0 | D:1      | iwittbrodt the Gnoll Wanderer began the quest for the Orb.
     0 | D:1      | iwittbrodt set off with the following items: a +2 hunting
                  | sling, 16 sling bullets, a scroll of vulnerability, a +0
                  | pair of gloves, a +0 leather armour
     0 | D:1      | Reached XP level 1. HP: 13/13 MP: 2/2
   121 | D:1      | Reached XP level 2. HP: 19/19 MP: 3/3
   271 | D:1      | Found a faded altar of an unknown god.
   545 | D:2      | Reached XP level 3. HP: 22/25 MP: 4/4
   720 | D:2      | Reached skill level 1 in Fighting
   720 | D:2      | Reached skill level 1 in Short Blades
   720 | D:2      | Reached skill level 1 in Long Blades
   720 | D:2      | Reached skill level 1 in Axes
   720 | D:2      | Reached skill level 1 in Maces & Flails
   720 | D:2      | Reached skill level 1 in Polearms
   720 | D:2      | Reached skill level 1 in Staves
   720 | D:2      | Reached skill level 1 in Bows
   720 | D:2      | Reached skill level 1 in Crossbows
   720 | D:2      | Reached skill level 1 in Throwing
   720 | D:2      | Reached skill level 1 in Stealth
   720 | D:2      | Reached skill level 1 in Shields
   720 | D:2      | Reached skill level 1 in Unarmed Combat
   720 | D:2      | Reached skill level 1 in Spellcasting
   720 | D:2      | Reached skill level 1 in Evocations
   720 | D:2      | Reached XP level 4. HP: 25/32 MP: 6/6
  1036 | D:2      | Learned a level 2 spell: Blink
  1129 | D:2      | Reached skill level 1 in Conjurations
  1129 | D:2      | Reached skill level 1 in Hexes
  1129 | D:2      | Reached skill level 1 in Summonings
  1129 | D:2      | Reached skill level 1 in Necromancy
  1129 | D:2      | Reached skill level 1 in Translocations
  1129 | D:2      | Reached skill level 1 in Transmutations
  1129 | D:2      | Reached skill level 1 in Fire Magic
  1129 | D:2      | Reached skill level 1 in Ice Magic
  1129 | D:2      | Reached skill level 1 in Air Magic
  1129 | D:2      | Reached skill level 1 in Earth Magic
  1129 | D:2      | Reached skill level 1 in Poison Magic
  1631 | D:3      | Found a snail-covered altar of Cheibriados.
  1640 | D:3      | Reached XP level 5. HP: 37/37 MP: 7/7
  1656 | D:3      | Learned a level 3 spell: Mephitic Cloud
  1898 | D:3      | Found an ornate altar of the Wu Jian Council.
  2086 | D:3      | You fall into a shaft and drop 1 floor!
  2086 | D:4      | Noticed a necrophage
  2262 | D:3      | Found a basalt altar of Yredelemnul.
  2293 | D:4      | Found a staircase to the Ecumenical Temple.
  2313 | Temple   | Entered the Ecumenical Temple
  2850 | Temple   | Became a worshipper of Warmaster Okawaru
  3356 | D:4      | Noticed a necrophage
  3366 | D:4      | Killed a necrophage
  3367 | D:4      | Reached XP level 6. HP: 30/44 MP: 8/8
  3768 | D:5      | Entered Level 5 of the Dungeon
  3773 | D:5      | Found a glowing golden altar of the Shining One.
  3950 | D:5      | Reached * piety under Okawaru
  3980 | D:5      | Noticed a shadow
  4201 | D:5      | Killed a shadow
  4202 | D:5      | Reached XP level 7. HP: 11/51 MP: 10/10
  4482 | D:5      | Reached ** piety under Okawaru
  4833 | D:5      | Noticed Ijyb
  4845 | D:5      | Killed Ijyb
  4846 | D:5      | Reached XP level 8. HP: 52/57 MP: 12/12
  5308 | D:6      | Found a white marble altar of Elyvilon.
  5311 | D:6      | Found a hide-covered altar of Uskayaw.
  5342 | D:6      | Noticed an oklob plant
  5420 | D:6      | Reached skill level 11 in Slings
  6163 | D:6      | Noticed Blork the orc
  6173 | D:6      | Killed Blork the orc
  6286 | D:6      | Noticed Duvessa
  6291 | D:6      | Noticed Dowan
  6297 | D:6      | Killed Duvessa
  6303 | D:6      | Killed Dowan
  6376 | D:6      | Reached *** piety under Okawaru
  6484 | D:6      | Reached skill level 5 in Invocations
  6484 | D:6      | Reached XP level 9. HP: 65/65 MP: 14/14
  7421 | D:6      | Killed an oklob plant
  7521 | D:7      | Noticed a hornet
  7543 | D:6      | Mangled by a hornet

Illustrated notes

Levels and vault maps discovered:
D:1:      dpeg_arrival_tiny_h, layout_rooms, basic_ecumenical_altar
D:2:      wad_woods_tower, layout_rooms, minmay_joined_circles
D:3:      layout_rooms, general_overflow_altar, old_standard_altar,
          nzn_wu_jian_council_hall
D:4:      layout_gridville, minmay_temple_entry_glass
D:5:      layout_rooms, mainiacjoe_overflow_six_doors_small, moated_statue,
          serial_bayou_pond_d, uniq_ijyb
D:6:      lemuel_slime, layout_loops_ring,
          chequers_temple_overflow_statue_of_worship, uniq_blork_the_orc,
          uniq_duvessa
D:7:      layout_cave_pools, xom_redecorated, serial_co_window_serial,
          co_window_of_opportunity_a, co_window_paths_a,
          co_window_of_opportunity_a, co_window_of_opportunity_a,
          co_window_corner_a, co_window_broadway_b, co_window_broadway_b,
          co_window_unsneaky_path_e, co_window_sun, co_window_paths_d,
          hangedman_decor_peaks_small, serial_bayou_crossing,
          uniq_prince_ribbit1, uniq_crazy_yiuf_cottage, uniq_harold
Temple:   compressed_dpeg_triangle_lava_temple

Skill      XL: |  1  2  3  4  5  6  7  8  9 |
---------------+----------------------------+-----
Slings         | 11 | 11.2
Fighting       | 1 2 3 4 |  4.1
Short Blades   | 1 2 3 4 |  4.1
Long Blades    | 1 2 3 4 |  4.1
Axes           | 1 2 3 4 |  4.1
Maces & Flails | 1 2 3 4 |  4.1
Polearms       | 1 2 3 4 |  4.1
Staves         | 1 2 3 4 |  4.1
Bows           | 1 2 3 4 |  4.1
Crossbows      | 1 2 3 4 |  4.1
Throwing       | 1 2 3 4 |  4.1
Stealth        | 1 2 3 4 |  4.1
Shields        | 1 2 3 4 |  4.1
Unarmed Combat | 1 2 3 4 |  4.1
Spellcasting   | 1 2 3 4 |  4.1
Evocations     | 1 2 3 4 |  4.1
Conjurations   | 1 2 3 |  3.4
Hexes          | 1 2 3 |  3.4
Summonings     | 1 2 3 |  3.4
Necromancy     | 1 2 3 |  3.4
Translocations | 1 2 3 |  3.4
Transmutations | 1 2 3 |  3.4
Fire Magic     | 1 2 3 |  3.4
Ice Magic      | 1 2 3 |  3.4
Air Magic      | 1 2 3 |  3.4
Earth Magic    | 1 2 3 |  3.4
Poison Magic   | 1 2 3 |  3.4
Invocations    | 3 4 5 |  5.3
Armour         | 3 4 |  4.9
Dodging        | 7 |  7.8

Action                   |  1- 3 |  4- 6 |  7- 9 || total
-------------------------+-------+-------+-------++-------
Melee: Short sword       |    30 |       |       ||    30
       Bite              |     7 |       |       ||     7
       Hunting sling     |     3 |       |     1 ||     4
 Fire: Hunting sling     |    69 |   177 |   245 ||   491
Throw: Dart              |       |       |     8 ||     8
Evoke: Wand              |       |     6 |    28 ||    34
  Use: Scroll            |       |       |     7 ||     7
       Potion            |       |       |     3 ||     3
Armor: Leather armour    |     1 |       |       ||     1
       Scale mail        |    16 |    26 |    30 ||    72
Dodge: Dodged            |    21 |    31 |    40 ||    92
